 Dungeon Crawl Stone Soup version 0.29.1-12-g30fa7ad0bf (webtiles) character file.

Game seed: 15808999612843819964

235 boopmooplesden the Slasher (level 5, -8/47 HPs)
             Began as a Minotaur Fighter on Dec 15, 2022.
             Killed from afar by Sigmund (12 damage)
             ... with a puff of flame
             ... on level 4 of the Dungeon.
             The game lasted 00:02:43 (2945 turns).

boopmooplesden the Slasher (Minotaur Fighter)       Turns: 2945, Time: 00:02:45

Health: -8/47      AC:  7    Str: 18 (21) XL:     5   Next: 76%
Magic:  4/4        EV:  9    Int:  2 (5)  God:
Gold:   123        SH:  4    Dex:  9 (11) Spells: 4/4 levels left

rFire   . . .      SeeInvis .   a - +0 long sword (venom)
rCold   . . .      Faith    .   c - +0 buckler
rNeg    . . .      Spirit   .   b - +0 scale mail
rPois   .          Reflect  .   (helmet restricted)
rElec   .          Harm     .   (no cloak)
rCorr   .          Rampage  .   (no gloves)
Will    .....                   (no boots)
Stlth   ..........              (no amulet)
HPRegen 0.15/turn               (no ring)
MPRegen 0.09/turn               (no ring)

@: no status effects
A: horns 2, retaliatory headbutt
a: no special abilities


You were on level 4 of the Dungeon.
You visited 1 branch of the dungeon, and saw 4 of its levels.

You collected 123 gold pieces.

Inventory:

Hand Weapons
 a - a +0 long sword of venom (weapon)
Armour
 b - a +0 scale mail (worn)
 c - a +0 buckler (worn)
 f - a +0 chain mail
Scrolls
 e - 2 scrolls of fog
 h - 2 scrolls of blinking
 i - a scroll of identify
Potions
 d - 2 potions of might
 g - a potion of magic
 m - a potion of haste {unknown}


   Skills:
 + Level 4.5 Fighting
 + Level 5.2 Long Blades
 + Level 4.7 Armour
 + Level 1.5 Dodging
 + Level 0.6 Stealth
 + Level 4.1 Shields


You had 4 spell levels left.
You didn't know any spells.
Your spell library contained the following spells:

 Spells                   Type           Power      Damage    Failure   Level
 Blink                    Tloc           0%         N/A       98%         2
 Static Discharge         Conj/Air       0%         3-3/arc   98%         2
 Dispel Undead            Necr           0%         3d6       100%        4
 Sticky Flame             Conj/Fire      0%         2d3       100%        4
 Freezing Cloud           Conj/Ice/Air   0%         6-21      100%        5
 Simulacrum               Ice/Necr       0%         N/A       100%        6
 Malign Gateway           Summ/Tloc      0%         N/A       100%        7
 Summon Horrible Things   Summ           0%         N/A       100%        8
 Polar Vortex             Ice            0%         N/A       100%        9


Dungeon Overview and Level Annotations

Branches:
Dungeon (4/15)
 Temple: D:4-7

Altars:
Ashenzari
Hepliaklqana

Annotations:
D:4 Sigmund


Innate Abilities, Weirdness & Mutations

You have a pair of horns on your head.
You reflexively headbutt those who attack you in melee.


Message History

The withered plant crumbles away.
The giant cockroach closely misses you.
You hit the giant cockroach.
You kill the giant cockroach!
You closely miss the goblin. The goblin barely misses you.
You furiously retaliate!
You headbutt the goblin.
You kill the goblin!
You hear some strange, mumbled words.
A puff of flame appears from out of thin air!
The puff of flame misses you. Something hits you but does no damage.
Items here: ) †††.
You hit something. Your headbutt misses something. Something hits you.
You closely miss something. Your headbutt misses something.
You hit something but do no damage.
You hear some strange, mumbled words.
You are confused.
You bump into the stone wall.
Something hits you but does no damage. Something hits you.
You bump into the stone wall.
Something hits you. Something hits you!
Items here: ) †††.
You miss something. Your headbutt misses something.
You feel less confused. Something hits you!
* * * LOW HITPOINT WARNING * * *
You miss something. Your headbutt misses something. You miss something.
Your headbutt misses something.
You hear some strange, mumbled words.
A puff of flame appears from out of thin air!
The puff of flame hits you.
* * * LOW HITPOINT WARNING * * *
You miss something. Something hits you.
* * * LOW HITPOINT WARNING * * *
It was a potion of degeneration.
There was something very wrong with that liquid.
You feel weakened.
You feel dopey.
You feel clumsy.
You hear some strange, mumbled words.
A puff of flame appears from out of thin air!
The puff of flame hits you!
You die...

.... ## P... .. #### .P...#.
##... #P..P#.###### ###..##
##......(...#######...##.
......#.. .......<.#.###.
........###.#######..###.
#..{@...#### #....#.
#.####.....# #..#... #######
##.##.# #..###. ..... #.##.#
#..# #. #..# #.##.# #).# ##
#.########.##.# #))# #.
##.....)....##.####..###.
#........................
.#####..###########.###.......


There were no monsters in sight!

Vanquished Creatures
  An orc priest (D:4)
  Jessica (D:2)
  An orc wizard (D:4)
  3 gnolls (D:2)
  7 adders
  2 worms
  4 orcs (D:4)
  7 ball pythons
  3 bats
  5 endoplasms
  3 giant cockroaches
  6 goblins
  2 hobgoblins
  3 kobolds
  3 quokkas
  5 frilled lizards
  3 rats
59 creatures vanquished.

Vanquished Creatures (others)
  4 withered plants (D:4)
4 creatures vanquished.

Grand Total: 63 creatures vanquished

Notes
Turn   | Place    | Note
-------+----------+-------------------------------------------
     0 | D:1      | boopmooplesden the Minotaur Fighter began the quest for the
                  | Orb.
     0 | D:1      | Reached XP level 1. HP: 19/19 MP: 0/0
   238 | D:1      | Reached XP level 2. HP: 25/27 MP: 1/1
   813 | D:2      | Reached skill level 3 in Long Blades
   813 | D:2      | Reached XP level 3. HP: 19/33 MP: 2/2
  1208 | D:2      | Found a faded altar of an unknown god.
  1328 | D:2      | Noticed Jessica
  1334 | D:2      | Killed Jessica
  1425 | D:2      | Got Jessica's Grimoire of Orientation
  1450 | D:2      | Reached XP level 4. HP: 41/41 MP: 3/3
  1501 | D:2      | Reached skill level 1 in Dodging
  1510 | D:2      | Reached skill level 4 in Long Blades
  1847 | D:2      | Found a hazy altar of Hepliaklqana.
  2077 | D:3      | Reached XP level 5. HP: 47/47 MP: 4/4
  2641 | D:4      | Found a broken altar of Ashenzari.
  2750 | D:4      | Reached skill level 5 in Long Blades
  2919 | D:4      | Noticed Sigmund
  2945 | D:4      | Killed from afar by Sigmund

Illustrated notes

Levels and vault maps discovered:
D:1:      minmay_arrival_open_corners, layout_loops_ring
D:2:      layout_basic, basic_altar, shapermc_ecumenical_altar_starsandcircs,
          grunt_ministairs_8, kennysheep_jessica_study
D:3:      layout_basic
D:4:      layout_loops_ring, kiku_gazebo_garden_becter,
          nicolae_ashenzari_panopticon, uniq_sigmund

Skill      XL: |  1  2  3  4  5 |
---------------+----------------+-----
Fighting       | 4 |  4.5
Long Blades    | 3 4 5 |  5.2
Armour         | 4 |  4.7
Shields        | 4 |  4.1
Dodging        | 1 |  1.5
Stealth        | |  0.6

Action                   |  1- 3 |  4- 6 || total
-------------------------+-------+-------++-------
Melee: Long sword        |    68 |    72 ||   140
       Headbutt          |    12 |    12 ||    24
  Use: Scroll            |     4 |     5 ||     9
       Potion            |       |     1 ||     1
Armor: Scale mail        |    32 |    34 ||    66
Dodge: Dodged            |    26 |    38 ||    64
Block: Buckler           |    18 |     8 ||    26
